 Dungeon Crawl Stone Soup version 0.23-a0-890-gc183402 (console) character file.

Game seed: 13553577378243541210

59196 Voker57 the Fighter (level 14, -3/107 HPs)
             Began as a Demonspawn Gladiator on Jan 28, 2019.
             Was a High Priest of Hepliaklqana.
             Killed by nerve-wracking pain
             ... invoked by an orc priest
              (6 damage)
             ... on level 1 of the Orcish Mines.
             The game lasted 00:43:48 (21609 turns).

Voker57 the Fighter (Demonspawn Gladiator)         Turns: 21609, Time: 00:43:50

Health: -3/107     AC:  4    Str: 19    XL:     14   Next: 52%
Magic:  17/21      EV: 26    Int: 13    God:    Hepliaklqana [*****.]
Gold:   1641       SH:  0    Dex: 20    Spells: 7/23 levels left

rFire    + . .     SeeInvis .   q - +10 trident {pierce, rN+ Int+3}
rCold    + . .     Gourm    .   (no shield)
rNeg     + . .     Faith    .   U - +1 robe {rC+ rF+}
rPois    .         Spirit   .   (helmet unavailable)
rElec    .         Reflect  .   (no cloak)
rCorr    .         Harm     .   (no gloves)
MR       +....                  (no boots)
Stlth    ++........             (no amulet)
HPRegen  0.67/turn              O - +3 ring of evasion
MPRegen  0.17/turn              (no ring)

@: mighty, shrouded
A: reduced essence, horns 3, yellow scales 1, deformed body, powered by pain 2,
regeneration 1, spiny 3
a: Recall Ancestor, Ancestor Identity, Transference, Idealise, Renounce Religion


You were on level 1 of the Orcish Mines.
You worshipped Hepliaklqana.
Hepliaklqana was extremely pleased with you.
You were hungry.

You visited 4 branches of the dungeon, and saw 21 of its levels.
You also visited: Ice Cave.

You collected 1641 gold pieces.

Inventory:

Hand Weapons
 a - a +2 long sword
 b - a +0 dagger of venom
 q - the +10 trident of the Shark (weapon) {pierce, rN+ Int+3}
   (You found it on level 11 of the Dungeon)

   It inflicts extra damage upon your enemies.
   It affects your intelligence (+3).
   It protects you from negative energy.
 C - a +2 great sword of holy wrath
 M - a +0 blowgun
Missiles
 k - 4 tomahawks (quivered)
 u - 11 curare-tipped needles
Armour
 P - a +3 chain mail of fire resistance
 S - +0 acid dragon scales
 U - a +1 robe of resistance (worn)
Jewellery
 d - an uncursed ring of magical power
 j - a +6 ring of intelligence
 A - an uncursed ring of magical power
 N - a +6 ring of strength
 O - a +3 ring of evasion (left hand)
 R - a +6 ring of intelligence
Wands
 i - a wand of random effects (19)
 m - a wand of scattershot (5)
 w - a wand of disintegration (11)
 y - a wand of flame (57)
 B - a wand of paralysis (4)
 E - a wand of digging (6)
 I - a wand of iceblast (10)
 Q - a wand of enslavement (8)
Scrolls
 c - a scroll of holy word
 e - 14 scrolls of blinking
 g - 9 scrolls of identify
 n - 5 scrolls of remove curse
 p - 2 scrolls of amnesia
 r - 6 scrolls of teleportation
 F - 2 scrolls of magic mapping
 J - 2 scrolls of fog
 K - a scroll of enchant weapon
Potions
 h - a potion of resistance
 l - 8 potions of curing
 s - a potion of flight
 t - 9 potions of degeneration
 v - a potion of ambrosia
 x - 2 potions of brilliance
 z - 2 potions of haste
 D - 3 potions of agility
 G - 2 potions of berserk rage {unknown}
 H - a potion of invisibility {unknown}
Comestibles
 f - 35 rations


   Skills:
 + Level 13.9 Fighting
 - Level 11.3 Long Blades
 - Level 1.7 Throwing
 + Level 13.0 Dodging
 - Level 5.0 Spellcasting
 + Level 0.3 Hexes
 - Level 5.0 Charms
 + Level 0.4 Necromancy
 - Level 5.4 Translocations
 + Level 7.8 Invocations


You had 7 spell levels left.
You knew the following spells:

 Your Spells              Type           Power        Failure   Level  Hunger
a - Shroud of Golubria    Chrm/Tloc      ###.......   3%          2    ##.....
b - Blink                 Tloc           N/A          3%          2    ##.....
c - Gell's Gravitas       Tloc           ###.......   6%          3    ###....
d - Lesser Beckoning      Tloc           ###.......   6%          3    ###....
e - Slow                  Hex            #.......     24%         2    ##.....
f - Animate Dead          Necr           N/A          83%         4    ####...

Your spell library contained the following spells:

 Spells                   Type           Power        Failure   Level  Hunger
 Teleport Other           Tloc           ###.....     6%          3    ###....
 Confusing Touch          Hex            #.....       16%         1    None
 Recall                   Summ/Tloc      N/A          19%         3    ###....
 Passage of Golubria      Tloc           N/A          21%         4    ####...
 Sublimation of Blood     Necr           #.........   24%         2    ##.....
 Excruciating Wounds      Chrm/Necr      ##........   86%         5    ######.
 Bolt of Draining         Conj/Necr      #.........   99%         5    ######.
 Borgnjor's Vile Clutch   Necr/Erth      #.........   99%         5    ######.
 Summon Mana Viper        Hex/Summ       #.......     99%         5    ######.
 Death Channel            Necr           #.........   100%        6    #######
 Simulacrum               Ice/Necr       #.........   100%        6    #######


Dungeon Overview and Level Annotations

Branches:
Dungeon (13/15)            Temple (1/1) D:7            Lair (6/6) D:10
 Shoals (0/4) Lair:2       Spider (0/4) Lair:4        Slime (0/5) Lair:6
    Orc (1/2) D:12
 Vaults: D:13-14

Altars:
Ashenzari
Cheibriados
Dithmenos
Elyvilon
Fedhas
Gozag
Hepliaklqana
Kikubaaqudgha
Makhleb
Nemelex Xobeh
Okawaru
Qazlal
Ru
Sif Muna
Trog
Uskayaw
Vehumet
Wu Jian
Xom
Yredelemnul
Zin
The Shining One
Jiyva

Shops:
D:4 :   D:5 }   D:7 *   D:12 !

Annotations:
D:8 3 runed translucent doors, Nr616's ghost, novice GnSk
Lair:1 1 runed translucent door, exclusion: 2 oklob plants, melvinkitnick's ghost, journeyman SpEn
Orc:1 2 transporters, Amnesiac's ghost, novice TeFi


Innate Abilities, Weirdness & Mutations

You have a pair of large horns on your head.
You are partially covered in yellow scales. (AC +2)
You sometimes gain power by taking damage.
You are completely covered in sharp spines.
Your life essence is reduced to manifest your ancestor. (-10% HP)
Armour fits poorly on your strangely shaped body.
Your natural rate of healing is unusually fast.


Message History

You focus on the pain.
You feel your power returning.
An orc wizard comes into view. It is wielding a +0 dagger.
You see here a large rock.
The orc priest invokes the aid of Beogh against you.
Beogh smites you!
* * * LOW HITPOINT WARNING * * *
You focus on the pain.
You feel mightier all of a sudden.
You hear a shout!
Casting: Shroud of Golubria (safe; 3% risk of failure)
Confirm with . or Enter, or press ? or * to list all spells.
You blink.
Casting: Blink (safe; 3% risk of failure)
Confirm with . or Enter, or press ? or * to list all spells.
You blink.
You are feeling hungry.
An orc comes into view. It is wielding a +0 dagger.
The orc priest invokes the aid of Beogh against you.
Pain shoots through your body!
You die...

#...............#...........
#................#....#....
#................#.......
####.............##.......
##..#.............ยง#......
#......)).......R.........
##....))).....#....#......
.#......##.....(....#.....
........##......(...###...
..............>$@...# ..
.............#.Co.oo..# #
.......................#
......................##
.....................##
...................o.#
......................
..................##..o
..........#......
.......#.###.....


You could see the friendly Bolek the battlemage, a stone giant, an orc warrior,
2 orc priests, an orc wizard and an orc.

Vanquished Creatures
  A merfolk avatar (Lair:6)
  2 hydras (Lair:4)
  2 centaur warriors (D:13)
  A two-headed ogre (D:13)
  2 unseen horrors
  An orb spider (Lair:4)
  A deep elf mage (D:13)
  3 ugly things
  An orc sorcerer (Orc:1)
  3 manticores
  An elephant (Lair:6)
  3 cyclopes (D:13)
  A black mamba (Lair:4)
  An ice statue (IceCv)
  7 spiny frogs
  2 rime drakes (Lair:6)
  3 gargoyles
  4 komodo dragons
  6 polar bears
  2 meliai (D:13)
  A wind drake (Lair:6)
  3 hornets
  2 blink frogs (Lair:3)
  Grinder (D:4)
  4 slime creatures (D:12)
  5 hippogriffs
  2 wyverns (D:8)
  A hungry ghost (D:8)
  38 yaks
  Eustachio (D:6)
  A steam dragon (D:12)
  A vampire mosquito (D:13)
  6 water moccasins
  9 porcupines
  7 orc warriors
  16 ice beasts
  An eye of draining (D:8)
  3 phantoms
  6 sky beasts
  5 centaurs
  4 ogres
  33 wolves
  9 crocodiles
  12 bullfrogs
  2 big kobolds
  2 wyvern zombies
  10 killer bees
  A scorpion (D:10)
  11 wights (D:13)
  A howler monkey (D:6)
  2 bullfrog zombies
  4 crimson imps
  A centaur zombie (D:12)
  10 hounds
  2 jellies (D:10)
  13 orc wizards
  3 quasits
  A bullfrog skeleton (D:10)
  5 orc priests
  Crazy Yiuf (D:3)
  2 centaur skeletons
  8 iguanas
  7 hell rats (Lair:5)
  3 worker ants
  2 hound skeletons
  A howler monkey zombie (D:5)
  2 worker ant zombies (D:6)
  4 gnolls (D:7)
  12 adders
  2 shadow imps
  An ooze (D:1)
  2 adder zombies
  2 worms
  3 leopard geckos
  31 orcs
  A ball python (D:3)
  3 giant cockroaches
  9 hobgoblins
  14 jackals
  3 quokkas
  8 bats
  6 frilled lizards
  2 goblins
  13 kobolds
  A leopard gecko skeleton (D:4)
  A leopard gecko zombie (D:5)
  2 quokka skeletons
  8 rats
  2 fungi (Lair:3)
  A plant (Lair:1)
443 creatures vanquished.

Vanquished Creatures (collateral kills)
  A fire dragon (D:13)
  3 hydras
  Urug (Lair:6)
  Sonja (Lair:5)
  3 ugly things
  An elephant (Lair:6)
  2 black mambas (Lair:3)
  An ice statue (IceCv)
  A gargoyle (D:10)
  5 spiny frogs
  2 komodo dragons
  4 rime drakes
  2 trolls
  A meliai (D:13)
  A polar bear (Lair:6)
  A wind drake (Lair:6)
  A hornet (D:10)
  4 slime creatures (D:12)
  2 blink frogs (Lair:3)
  6 hippogriffs
  15 yaks
  A hungry ghost (D:11)
  3 basilisks
  An acid dragon (D:12)
  5 water moccasins
  6 porcupines
  3 orc warriors
  A sky beast (D:10)
  An ogre (D:8)
  A phantom (D:11)
  An eye of draining (D:8)
  12 wolves
  A centaur (D:12)
  A big kobold (D:10)
  7 crocodiles
  6 bullfrogs
  A wight (D:13)
  3 electric eels (Lair:2)
  A howler monkey (D:13)
  2 crimson imps
  A bullfrog zombie (D:12)
  A hound (D:13)
  A jelly (D:10)
  2 centaur skeletons
  6 orc wizards
  A worker ant (D:13)
  A howler monkey skeleton (D:8)
  3 orcs
  2 kobolds (D:10)
  4 fungi
  A plant (Lair:5)
138 creatures vanquished.

Vanquished Creatures (others)
  16 battlemagi
  An ancestor (D:8)
  6 fungi
  7 plants (Lair:6)
30 creatures vanquished.

Grand Total: 611 creatures vanquished

Notes
Turn   | Place    | Note
-------+----------+-------------------------------------------
     0 | D:1      | Voker57 the Demonspawn Gladiator began the quest for the
                  | Orb.
     0 | D:1      | Reached XP level 1. HP: 16/16 MP: 1/1
   202 | D:1      | Gained mutation: You have a pair of small horns on your
                  | head. [demonic ancestry]
   202 | D:1      | Reached XP level 2. HP: 21/22 MP: 2/2
  1006 | D:2      | Gained mutation: You have a pair of horns on your head.
                  | [demonic ancestry]
  1006 | D:2      | Reached XP level 3. HP: 19/28 MP: 3/3
  1287 | D:2      | Found a shimmering altar of Xom.
  1287 | D:2      | Noticed an angel
  1289 | D:2      | Found a glowing silver altar of Zin.
  1792 | D:3      | Gained mutation: You are partially covered in sharp spines.
                  | [demonic ancestry]
  1792 | D:3      | Reached XP level 4. HP: 33/34 MP: 4/4
  1921 | D:3      | Found a runed translucent door.
  1922 | D:3      | Noticed Crazy Yiuf
  2043 | D:3      | Found a white marble altar of Elyvilon.
  2410 | D:3      | Killed Crazy Yiuf
  2687 | D:4      | Found an iron altar of Okawaru.
  2794 | D:4      | Found an ornate altar of the Wu Jian Council.
  2794 | D:4      | Found a bloodstained altar of Trog.
  2794 | D:4      | Noticed a phantom
  2825 | D:4      | Killed a phantom
  2825 | D:4      | Reached XP level 5. HP: 12/41 MP: 5/5
  3434 | D:4      | Found Ruppup's Book Emporium.
  3436 | D:4      | Noticed Grinder
  3445 | D:4      | Paralysed by Grinder for 3 turns
  3451 | D:4      | Killed Grinder
  3451 | D:4      | Reached skill level 5 in Long Blades
  3451 | D:4      | Gained mutation: You are partially covered in yellow
                  | scales. (AC +2) [demonic ancestry]
  3451 | D:4      | Reached XP level 6. HP: 13/48 MP: 6/6
  3711 | D:5      | Entered Level 5 of the Dungeon
  3839 | D:5      | Reached XP level 7. HP: 52/54 MP: 7/7
  3978 | D:5      | Found Eddamoq's Gadget Shop.
  4468 | D:6      | Found an iron altar of Okawaru.
  4833 | D:6      | Noticed Eustachio
  5109 | D:6      | Killed Eustachio
  5109 | D:6      | Reached skill level 5 in Fighting
  5109 | D:6      | Reached skill level 5 in Dodging
  5109 | D:6      | Gained mutation: You are mostly covered in sharp spines.
                  | [demonic ancestry]
  5109 | D:6      | Reached XP level 8. HP: 62/62 MP: 8/8
  5375 | D:7      | Found a staircase to the Ecumenical Temple.
  5828 | D:7      | Found Oghysch's Lightly-Used Armoury.
  6073 | Temple   | Entered the Ecumenical Temple
  6258 | Temple   | Became a worshipper of Hepliaklqana the Forgotten
  6443 | D:8      | Gained mutation: You sometimes gain a little power by
                  | taking damage. [demonic ancestry]
  6443 | D:8      | Reached XP level 9. HP: 18/62 MP: 9/9
  6580 | D:8      | Found a runed translucent gate.
  6580 | D:8      | Found a runed translucent gate.
  6580 | D:8      | Found a runed translucent gate.
  6582 | D:8      | Found a viscous altar of Jiyva.
  6582 | D:8      | Noticed Nr616's ghost (novice GnSk)
  6619 | D:8      | Found a deep blue altar of Sif Muna.
  6681 | D:8      | Reached * piety under Hepliaklqana
  7257 | D:8      | Found a bloodstained altar of Trog.
  8073 | D:9      | Reached ** piety under Hepliaklqana
  8074 | D:9      | Remembered your ancestor Bolek as a battlemage
  8433 | D:10     | Entered Level 10 of the Dungeon
  8587 | D:10     | Reached XP level 10. HP: 60/71 MP: 10/10
  8874 | D:10     | Reached skill level 10 in Long Blades
  9152 | D:10     | Found a staircase to the Lair.
  9566 | D:10     | Noticed a gargoyle
  9574 | D:10     | Killed a gargoyle
 10124 | Lair:1   | Entered Level 1 of the Lair of Beasts
 10124 | Lair:1   | Noticed a spiny frog
 10127 | Lair:1   | Reached *** piety under Hepliaklqana
 10138 | D:10     | Killed a spiny frog
 10391 | D:11     | Got an ichor-stained trident
 10393 | D:11     | Identified the +10 trident of the Shark {pierce, rN+ Int+3}
                  | (You found it on level 11 of the Dungeon)
 10431 | Lair:1   | Noticed a six-headed hydra
 10544 | Lair:1   | Gained mutation: Armour fits poorly on your strangely
                  | shaped body. [potion of mutation]
 10544 | Lair:1   | Gained mutation: Your natural rate of healing is unusually
                  | fast. [potion of mutation]
 10546 | Lair:1   | Killed a six-headed hydra
 10548 | Lair:1   | Gained mutation: You have a pair of large horns on your
                  | head. [demonic ancestry]
 10548 | Lair:1   | Reached XP level 11. HP: 24/78 MP: 11/11
 10661 | Lair:1   | Found a runed translucent door.
 10665 | Lair:1   | Found a shimmering altar of Xom.
 10665 | Lair:1   | Noticed melvinkitnick's ghost (journeyman SpEn)
 10666 | Lair:1   | Noticed a +1 rapier of chaos
 10841 | Lair:1   | Noticed an oklob plant
 10884 | Lair:1   | HP: 1/80 [yak (12)]
 11102 | Lair:1   | Noticed an oklob plant
 11242 | Lair:1   | Reached skill level 10 in Fighting
 11659 | Lair:2   | Learned a level 2 spell: Shroud of Golubria
 11836 | Lair:2   | Reached skill level 1 in Spellcasting
 11836 | Lair:2   | Reached skill level 1 in Charms
 12026 | Lair:2   | Reached **** piety under Hepliaklqana
 12033 | Lair:2   | Noticed a five-headed hydra
 12046 | Lair:2   | Killed a five-headed hydra
 12063 | Lair:2   | Reached skill level 10 in Dodging
 12577 | Lair:2   | Found a staircase to the Shoals.
 12955 | Lair:3   | Gained mutation: You are completely covered in sharp
                  | spines. [demonic ancestry]
 12955 | Lair:3   | Reached XP level 12. HP: 89/89 MP: 14/16
 13906 | Lair:4   | Reached ***** piety under Hepliaklqana
 13928 | Lair:4   | Noticed a seven-headed hydra
 13942 | Lair:4   | Killed a seven-headed hydra
 13977 | Lair:4   | Found a hole to the Spider Nest.
 14343 | Lair:4   | Noticed a five-headed hydra
 14352 | Lair:4   | Killed a five-headed hydra
 15014 | Lair:5   | Reached skill level 5 in Spellcasting
 15014 | Lair:5   | Reached skill level 5 in Charms
 15062 | Lair:5   | Noticed Sonja
 15066 | Lair:5   | Learned a level 2 spell: Blink
 15071 | Lair:5   | Killed Sonja
 15150 | Lair:5   | Reached skill level 1 in Translocations
 15626 | Lair:5   | Noticed a five-headed hydra
 15635 | Lair:5   | Killed a five-headed hydra
 15718 | Lair:5   | Learned a level 3 spell: Gell's Gravitas
 15722 | Lair:5   | Learned a level 3 spell: Lesser Beckoning
 16074 | Lair:6   | Entered Level 6 of the Lair of Beasts
 16086 | Lair:6   | Gained mutation: You sometimes gain power by taking damage.
                  | [demonic ancestry]
 16086 | Lair:6   | Reached XP level 13. HP: 96/96 MP: 18/20
 16132 | Lair:6   | Noticed Urug
 16143 | Lair:6   | Killed Urug
 16415 | Lair:6   | Found a viscous altar of Jiyva.
 16415 | Lair:6   | Found a staircase to the Slime Pits.
 17100 | Lair:6   | Reached skill level 5 in Translocations
 18011 | D:11     | Reached skill level 1 in Invocations
 18081 | D:11     | You fall through a shaft!
 18390 | D:12     | Found a staircase to the Orcish Mines.
 19064 | D:12     | Reached XP level 14. HP: 58/106 MP: 21/21
 19144 | D:12     | Found Unewas's Distillery.
 19601 | D:13     | Reached skill level 5 in Invocations
 19789 | D:13     | Found a frozen archway.
 19831 | IceCv    | Entered an ice cave
 19836 | IceCv    | Found a transporter.
 20011 | IceCv    | Found a transporter.
 20014 | IceCv    | Identified Kuclisud's Handbook of the Oath and Black
                  | Rituals
 21331 | D:13     | Learned a level 2 spell: Slow
 21336 | D:13     | Learned a level 4 spell: Animate Dead
 21431 | Orc:1    | Entered Level 1 of the Orcish Mines
 21548 | Orc:1    | Found a transporter.
 21576 | Orc:1    | Found a transporter.
 21579 | Orc:1    | Noticed Amnesiac's ghost (novice TeFi)
 21602 | Orc:1    | Noticed a stone giant
 21607 | Orc:1    | HP: 1/107 [orc priest/divine providence (14)]
 21609 | Orc:1    | Killed from afar by an orc priest

Vault maps used:
D:1:      mrwooster_arrival_statue_3
D:2:      grunt_temple_overflow_order_and_chaos_1
D:3:      elyvilon_altar_4, serial_bayou_pond_c, hangedman_feature_mirror,
          due_unseen_surprise, uniq_crazy_yiuf_cottage
D:4:      amethyst_overflow_temple_binary, serial_shops, shop,
          serial_bayou_lagoon_a, corexii_shack, okawaru_gym_becter, uniq_grinder
D:5:      serial_shops, shop, first_ration
D:6:      lemuel_doored_altar, uniq_eustachio
D:7:      minmay_temple_entry_tees, minmay_shop_damaged
D:8:      nicolae_overflow_crystal_walls, gammafunk_ghost_ooze,
          blue_anna_alchemist, trog_eyes_of_draining
D:9:      minmay_crystal_room, minmay_misc_feat_more_columns
D:10:     due_lair_maze_entry_diamond, chequers_serial_rivers_room_a,
          minmay_misc_feat_rugged
D:11:     lemuel_another_geyser
D:12:     wander_river, serial_shops, nicolae_shop_trees
D:13:     minmay_ornate_pinched, portal_ice_cave_entry_ice_beasts,
          minmay_misc_feat_diagonals
Temple:   regret_index_temple_generic_petals
Lair:1:   serial_forest, infiniplex_forest_diagonal, infiniplex_forest_join,
          infiniplex_forest_clump_tiny, infiniplex_forest_lined_3,
          infiniplex_forest_straight_5, infiniplex_forest_clump_small,
          infiniplex_forest_straight_4, infiniplex_forest_lined_ring,
          ebering_ghost_xom, disabler_island, grunt_megastairs_4,
          lemuel_fruit_fields
Lair:2:   statuecave_lemuel, elwin_shoals_entry_rocks, serial_bayou_shore_a
Lair:3:   eino_small_chamber_without_monster, grunt_megastairs_5,
          infiniplex_staircase_pool
Lair:4:   nicolae_spider_entry_orb_guardian, grunt_megastairs_2
Lair:5:   uniq_sonja
Lair:6:   gammafunk_lair_ancient_temple, slime_altar_1,
          grunt_forest_large_clearings, uniq_urug
Orc:1:    gammafunk_ghost_berserking_beasts
IceCv:    ice_cave_statue_garden_transporter

Skill      XL: |  1  2  3  4  5  6  7  8  9 10 11 12 13 14 |
---------------+-------------------------------------------+-----
Long Blades    | 3 4 5 6 8 9 11 | 11.3
Dodging        | 3 4 5 6 7 8 10 11 12 13 | 13.0
Fighting       | 3 4 5 6 7 8 10 11 13 | 13.9
Spellcasting   | 2 5 |  5.0
Charms         | 2 5 |  5.0
Translocations | 2 5 |  5.4
Invocations    | 4 7 |  7.8
Throwing       | |  1.7
Hexes          | |  0.3
Necromancy     | |  0.4

Action                   |  1- 3 |  4- 6 |  7- 9 | 10-12 | 13-15 || total
-------------------------+-------+-------+-------+-------+-------++-------
Melee: Long sword        |    81 |    88 |   255 |    64 |       ||   488
       Headbutt          |     8 |    27 |    59 |    81 |   119 ||   294
       Trident           |       |       |       |   257 |   473 ||   730
Throw: Throwing net      |     3 |     4 |     4 |     6 |     1 ||    18
 Cast: Shroud of Golubri |       |       |       |     3 |    24 ||    27
       Gell's Gravitas   |       |       |       |       |     1 ||     1
       Blink             |       |       |       |       |     8 ||     8
Invok: Ancestor Life: Ba |       |       |     1 |       |       ||     1
       Recall Ancestor   |       |       |       |     1 |     3 ||     4
Evoke: Wand              |       |       |       |     1 |     5 ||     6
  Use: Potion            |       |     6 |       |     2 |     6 ||    14
       Scroll            |       |       |    18 |     5 |     7 ||    30
 Stab: Sleeping          |     3 |       |     2 |     2 |     1 ||     8
       Held in net/web   |       |     1 |       |       |       ||     1
       Distracted        |       |       |     1 |    10 |     3 ||    14
  Eat: Chunk             |     3 |     6 |    15 |    18 |    18 ||    60
       Ration            |       |       |       |     2 |     1 ||     3
Armor: Leather armour    |    19 |    15 |    43 |    27 |    26 ||   130
       Robe              |       |       |       |       |     8 ||     8
Dodge: Dodged            |    52 |    61 |   170 |   331 |   600 ||  1214
       Rpst.: Long sword |    18 |    17 |    51 |    13 |       ||    99

Table legend:
 A = Non-vault XP
 B = Vault XP
 C = Vault XP percentage of total XP
 D = Non-vault monster count
 E = Vault monster count
 F = Vault count percentage of total count
                 A         B        C        D         E       F
            +---------+---------+-------+---------+---------+-------
      Total |   57519 |   27047 |  32.0 |     449 |     124 |  21.6
            +---------+---------+-------+---------+---------+-------
        D:1 |      26 |       0 |   0.0 |      14 |       0 |   0.0
        D:2 |      66 |       0 |   0.0 |      19 |       0 |   0.0
        D:3 |      26 |      43 |  62.3 |      16 |       3 |  15.8
        D:4 |     237 |     274 |  53.6 |      13 |       2 |  13.3
        D:5 |     149 |       0 |   0.0 |      13 |       0 |   0.0
        D:6 |     674 |     182 |  21.3 |      18 |       1 |   5.3
        D:7 |     669 |       0 |   0.0 |      18 |       0 |   0.0
        D:8 |    1221 |     600 |  32.9 |      29 |       5 |  14.7
        D:9 |     793 |       0 |   0.0 |      15 |       0 |   0.0
       D:10 |    3207 |    1077 |  25.1 |      32 |       9 |  22.0
       D:11 |    1013 |       0 |   0.0 |      12 |       0 |   0.0
       D:12 |    9418 |       0 |   0.0 |      51 |       0 |   0.0
       D:13 |   10366 |    5006 |  32.6 |      56 |      21 |  27.3
     Lair:1 |    6027 |    1016 |  14.4 |      27 |       5 |  15.6
     Lair:2 |    5042 |     247 |   4.7 |      28 |       1 |   3.4
     Lair:3 |    3838 |     976 |  20.3 |      19 |       5 |  20.8
     Lair:4 |    4866 |     999 |  17.0 |      16 |       3 |  15.8
     Lair:5 |    4610 |    1387 |  23.1 |      22 |       6 |  21.4
     Lair:6 |    4427 |   12488 |  73.8 |      21 |      53 |  71.6
      Orc:1 |     844 |       0 |   0.0 |      10 |       0 |   0.0
      IceCv |       0 |    2752 | 100.0 |       0 |      10 | 100.0
            +---------+---------+-------+---------+---------+-------
